 Dungeon Crawl Stone Soup version 0.17-a0-15-g0155121 (console) character file.

52 MrRokkomies the Insei (level 3, 0/23 HPs)
             Began as an Octopode Transmuter on Mar 5, 2015.
             Slain by a rat (2 damage)
             ... on level 2 of the Dungeon.
             The game lasted 00:05:16 (1224 turns).

MrRokkomies the Insei (Octopode Transmuter)         Turns: 1224, Time: 00:05:17

Health: 0/23       AC:  1    Str:  9    XL:     3   Next: 85%
Magic:  1/6        EV: 19    Int: 15    God:
Gold:   77         SH:  0    Dex: 18    Spells: 3 memorised, 0 levels left

rFire  . . .     SeeInvis .       - Unarmed
rCold  . . .     Clarity  .     (no shield)
rNeg   . . .     SustAb   .     (helmet restricted)
rPois  .         Gourm    .     (no amulet)
rElec  .         Spirit   .     (no ring)
rCorr  .         Warding  .     (no ring)
rMut   .         Stasis   .     (no ring)
MR     .....                    (no ring)
Stlth  ++++......               (no ring)
                                (no ring)
                                (no ring)
                                (no ring)

@: agile, very slightly contaminated, constricted, not resistant to hostile
enchantments, stealthy
A: almost no armour, amphibious, 8 rings, constrict 8, camouflage 1, gelatinous
body 1
a: no special abilities


You were on level 2 of the Dungeon.
You were not hungry.

You visited 1 branch of the dungeon, and saw 2 of its levels.

You collected 77 gold pieces.

Inventory:

Hand weapons
 c - a +1 hunting sling of flaming
 n - a +0 dagger
Missiles
 b - 24 arrows
 f - 92 stones (quivered)
 i - 9 arrows of frost
 l - 22 poisoned needles
Books
 d - a book of Changes

   Spells                             Type                      Level
   a - Beastly Appendage              Transmutation                1
   b - Sticks to Snakes               Transmutation                2
   c - Spider Form                    Transmutation/Poison         3
   d - Ice Form                       Ice/Transmutation            4
   e - Blade Hands                    Transmutation                5
Comestibles
 a - a bread ration


   Skills:
 - Level 1.0 Fighting
 * Level 0.8 Slings
 - Level 3.0 Dodging
 * Level 3.8 Unarmed Combat
 - Level 2.0 Spellcasting
 - Level 2.0 Transmutations


You couldn't memorise any spells.
You knew the following spells:

 Your Spells              Type           Power        Failure   Level  Hunger
a - Beastly Appendage     Trmt           #.....       12%         1    #......
b - Sticks to Snakes      Trmt           #.........   14%         2    ###....
c - Spider Form           Trmt/Pois      #.........   43%         3    ###....


Dungeon Overview and Level Annotations

Branches:
Dungeon (2/15)

Altars:


Innate Abilities, Weirdness & Mutations

You cannot wear most types of armour.
You are amphibious.
You can wear up to eight rings at the same time.
You can use your tentacles to constrict many enemies at once.
Your skin changes colour to match your surroundings (Stealth).
Your rubbery body absorbs attacks (AC +1).


Message History

You kill the adder!
The ball python closely misses you. The ball python constricts you.
The rat closely misses you. The hobgoblin closely misses you.
You closely miss the ball python. Your grab misses the ball python.
The ball python misses you.
* * * LOW HITPOINT WARNING * * *
The ball python constricts you. The rat bites you.
* * * LOW HITPOINT WARNING * * *
The hobgoblin closely misses you.
You closely miss the ball python. You grab the ball python.
You constrict the ball python. The ball python barely misses you.
* * * LOW HITPOINT WARNING * * *
The ball python constricts you. The rat barely misses you.
The ball python bites you.
* * * LOW HITPOINT WARNING * * *
The ball python constricts you.
Your attempt to break free from the ball python fails, but you feel that another attempt might succeed.
You constrict the ball python. The hobgoblin barely misses you.
The rat bites you.
You die...

#. .. .# .# .## #
..###.#
##...####r.....#
.......g@S.#
.......).†.......
..........#....
#..............
#...########. #
..) . )


You could see a hobgoblin, a ball python and a rat.

Vanquished Creatures
  An adder (D:2)
  A worm (D:1)
  2 oozes (D:1)
  3 giant cockroaches (D:1)
  5 goblins
  5 hobgoblins (D:1)
  7 kobolds (D:1)
  6 bats (D:1)
  A giant gecko (D:1)
  A giant newt (D:1)
  3 rats (D:1)
35 creatures vanquished.

Notes
Turn   | Place    | Note
--------------------------------------------------------------
     0 | D:1      | MrRokkomies, the Octopode Transmuter, began the quest for the Orb.
     0 | D:1      | Reached XP level 1. HP: 13/13 MP: 3/3
   254 | D:1      | Reached XP level 2. HP: 13/18 MP: 4/4
   750 | D:1      | Reached XP level 3. HP: 11/23 MP: 4/6
   772 | D:1      | Learned a level 2 spell: Sticks to Snakes
   776 | D:1      | Learned a level 3 spell: Spider Form
  1224 | D:2      | Slain by a rat

Action                   || total
-------------------------++-------
Melee: Unarmed           ||    84
 Cast: Beastly Appendage ||     3
       Spider Form       ||     2
  Use: Scroll            ||     4
       Potion            ||     2
 Stab: Sleeping          ||     6
  Eat: Chunk             ||     1
